 Dungeon Crawl Stone Soup version 0.29.1-2-gbd0b4ee654 (webtiles) character file.

Game seed: 16425868760578081915

115 qeuew the Shooter (level 5, 0/47 HPs)
             Began as a Formicid Hunter on Nov 7, 2022.
             Blown up by Ijyb (4 damage)
             ... with a mindburst bolt
             ... on level 3 of the Dungeon.
             The game lasted 00:02:11 (1832 turns).

qeuew the Shooter (Formicid Hunter)                 Turns: 1832, Time: 00:02:12

Health: 0/47       AC:  5    Str: 15    XL:     5   Next: 20%
Magic:  0/5        EV: 14    Int:  9    God:
Gold:   197        SH:  0    Dex: 19    Spells: 4/4 levels left

rFire   . . .      SeeInvis +   n - +0 short sword
rCold   . . .      Faith    .   (no shield)
rNeg    . . .      Spirit   +   c - +0 leather armour
rPois   .          Reflect  .   (helmet unavailable)
rElec   .          Harm     .   (no cloak)
rCorr   .          Rampage  .   (no gloves)
Will    .....                   e - +0 pair of boots
Stlth   ++........              d - amulet of guardian spirit
HPRegen 0.15/turn               (no ring)
MPRegen 0.09/turn               (no ring)

@: no status effects
A: permanent stasis, dig shafts and tunnels, antennae 3, four strong arms
a: Dig, Shaft Self


You were on level 3 of the Dungeon.
You visited 1 branch of the dungeon, and saw 3 of its levels.

You collected 197 gold pieces.

Inventory:

Hand Weapons
 a - a +0 shortbow
 n - a +0 short sword (weapon)
Armour
 c - a +0 leather armour (worn)
 e - a +0 pair of boots (worn)
Jewellery
 d - an amulet of guardian spirit (around neck)
Scrolls
 f - 3 scrolls of identify {unknown}
 j - a scroll of vulnerability {unknown}
 l - a scroll of enchant weapon {unknown}
 o - a scroll of blinking {unknown}
Potions
 g - a potion of flight
 h - a potion of degeneration {unknown}
 i - a potion of brilliance {unknown}
 k - 2 potions of attraction {unknown}
 m - a potion of resistance {unknown}
 p - a potion of cancellation {unknown}


   Skills:
 + Level 6.3 Fighting
 + Level 0.0 Short Blades
 + Level 6.8 Ranged Weapons
 + Level 5.8 Armour
 + Level 5.3 Dodging
 - Level 1.2 Stealth


You had 4 spell levels left.
You didn't know any spells.
Your spell library contained the following spells:

 Spells                   Type           Power      Damage    Failure   Level
 Scorch                   Fire           0%         2d5       58%         2
 Flame Wave               Conj/Fire      0%         2d4       99%         4
 Summon Cactus Giant      Summ           0%         N/A       100%        6


Dungeon Overview and Level Annotations

Branches:
Dungeon (3/15)

Altars:
Xom

Annotations:
D:3 1 runed translucent door, Crazy Yiuf, Ijyb


Innate Abilities, Weirdness & Mutations

You cannot be hasted, slowed, berserked, paralysed or teleported.
You can dig through walls and to a lower floor.
You have a pair of large antennae on your head. (SInv)
Your four strong arms can wield two-handed weapons with a shield.


Message History

Press: ? - help, Q - select action, (/) - cycle Shift-Dir - straight line, f/p - Ijyb
Aim: Ijyb, wielding a +4 dagger, wearing a +0 leather armour and carrying a wand of mindburst (16) (moderately wounded, slightly transparent, 61% to hit)
You shoot an arrow. The arrow hits Ijyb.
Ijyb is moderately wounded.
Fire: a) +0 shortbow
Press: ? - help, Q - select action, (/) - cycle Shift-Dir - straight line, f/p - Ijyb
Aim: Ijyb, wielding a +4 dagger, wearing a +0 leather armour and carrying a wand of mindburst (16) (moderately wounded, slightly transparent, 61% to hit)
You shoot an arrow. The arrow hits Ijyb.
Ijyb is moderately wounded.
n - a +0 short sword (weapon)
Ijyb hits you with a +4 dagger.
You are too injured to fight recklessly!
You hit Ijyb.
Ijyb is heavily wounded.
Ijyb barely misses you.
You barely miss Ijyb.
Ijyb is heavily wounded.
Ijyb zaps a wand.
You struggle to resist.
You hit Ijyb but do no damage.
Ijyb is heavily wounded.
Ijyb barely misses you.
You hit Ijyb but do no damage.
Ijyb is heavily wounded.
Ijyb zaps a wand.
Your mind is blasted!
* * * LOW HITPOINT WARNING * * *
You hit Ijyb.
Ijyb is heavily wounded.
Ijyb hits you but does no damage.
You feel better. Ijyb screams, "I no like you!" Ijyb hits you with a +4 dagger.
You closely miss Ijyb.
Ijyb is heavily wounded.
Ijyb zaps a wand.
You struggle to resist.
You closely miss Ijyb.
Ijyb is heavily wounded.
Ijyb zaps a wand.
Your mind is blasted!
* * * LOW HITPOINT WARNING * * *
Ijyb zaps a wand.
Your mind is blasted!
You die...

.###### .##...#### ##
.........##.#.. {
##....##.##. ..#{
#<#.###.##.##.#
#.#..##.##..#..####
#.##.##.# #.......
#.##.##.# #.##g####
##.......# #...@...##
####...######........#
+.......................
####...######........###
# ##.## #.......## #.#
#.......# #.# #.......#
##.## ######.## ##...#
.#


You could see Ijyb (invisible).

Vanquished Creatures
  3 adders (D:2)
  A worm (D:2)
  2 dart slugs
  An orc (D:3)
  8 ball pythons
  5 endoplasms
  2 giant cockroaches
  3 hobgoblins
  6 jackals (D:1)
  3 kobolds (D:2)
  2 quokkas (D:2)
  4 bats
  2 frilled lizards (D:2)
  3 goblins
  3 rats
48 creatures vanquished.

Vanquished Creatures (others)
  4 demonic plants (D:2)
  4 fungi (D:2)
  2 plants (D:2)
10 creatures vanquished.

Grand Total: 58 creatures vanquished

Notes
Turn   | Place    | Note
-------+----------+-------------------------------------------
     0 | D:1      | qeuew the Formicid Hunter began the quest for the Orb.
     0 | D:1      | Reached XP level 1. HP: 16/16 MP: 1/1
   238 | D:1      | Reached XP level 2. HP: 23/23 MP: 2/2
   413 | D:1      | Reached skill level 1 in Armour
   422 | D:1      | Reached XP level 3. HP: 23/28 MP: 3/3
   608 | D:1      | Reached skill level 5 in Armour
   608 | D:1      | Reached skill level 5 in Dodging
   608 | D:1      | Reached XP level 4. HP: 40/40 MP: 4/4
   676 | D:2      | Found a shimmering altar of Xom.
   961 | D:2      | Reached XP level 5. HP: 47/47 MP: 5/5
   974 | D:2      | Found a faded altar of an unknown god.
  1467 | D:3      | Found a runed translucent door.
  1468 | D:3      | Noticed Crazy Yiuf
  1817 | D:3      | Noticed Ijyb
  1832 | D:3      | Blown up by Ijyb

Illustrated notes

Levels and vault maps discovered:
D:1:      psy_arrival_dodecagon, layout_rooms
D:2:      layout_rooms, basic_altar, shapermc_ecumenical_altar_gd,
          minmay_goblin_kobold_house
D:3:      layout_loops_corners, nicolae_dithmenos_shadow_blocks, serial_shops,
          nicolae_shop_temple_entry_statues_fountains, minmay_close_crescents,
          uniq_ijyb, uniq_crazy_yiuf_cottage

Skill      XL: |  1  2  3 |
---------------+----------+-----
Dodging        | 2 5 |  5.3
Armour         | 1 5 |  5.8
Fighting       | 6 |  6.3
Ranged Weapons | 6 |  6.8
Stealth        | |  1.2

Action                   |  1- 3 |  4- 6 || total
-------------------------+-------+-------++-------
Melee: Short sword       |       |     7 ||     7
 Fire: Shortbow          |    54 |    71 ||   125
 Abil: Dig               |     6 |       ||     6
  Use: Potion            |     3 |     1 ||     4
       Scroll            |     1 |       ||     1
Armor: Leather armour    |    14 |     2 ||    16
Dodge: Dodged            |    29 |     9 ||    38
